AoeStats
← Křovák

MegaRandom

504289151Analyzed
1v1 RM · 29d ago on Sep 4, 2026· 35m 7s· 2 players
Game mode
Random Map
Map size
Tiny (2 player)
Population
200
Speed
Normal
Resources
Standard
Victory
Conquest
Starting age
Dark Age
Ending age
Imperial Age
RankedLock teamsTeams togetherTeam positionsShared explorationLock speedFull tech treeHidden civsTurbo modeCheats
Victory
Defeat
🇨🇿 Britons · Czechia
854
+13
🇩🇪 Britons · Germany
781
-13
nauj mx
5:42 Loom
13:44 Feudal Age
17:37 Castle Age
16:27 Double-Bit Axe
17:29 Horse Collar
19:48 Stone Mining
19:52 Gold Mining
20:06 Fletching
20:20 Padded Archer Armor
21:38 Bodkin Arrow
22:01 Leather Archer Armor
22:34 Wheelbarrow
25:22 Hand Cart
26:23 Ballistics
28:42 Crossbowman
30:26 Elite Skirmisher
31:27 Bow Saw
31:06 Man-at-Arms
36:10 Imperial Age
Křovák
7:13 Loom
10:53 Feudal Age
15:56 Castle Age
17:28 Double-Bit Axe
20:36 Horse Collar
21:55 Crossbowman
24:24 Bow Saw
24:18 Heavy Plow
24:30 Fletching
24:41 Padded Archer Armor
34:49 Imperial Age
32:05 Town Watch
32:55 Wheelbarrow
32:22 Bodkin Arrow
32:42 Leather Archer Armor
32:41 Fortified Wall
32:29 Murder Holes
33:53 Gold Mining
33:53 Stone Mining
35:41 Ballistics
35:32 Masonry
Connection lost

Rejoining the realm…

Still unreachable

The connection could not be restored.

Session expired

The server has moved on; the page needs a fresh start.